 Dungeon Crawl Stone Soup version 0.17.0-26-gececa24 (webtiles) character file.

255 septik the Cudgeler (level 6, -3/37 HPs)
             Began as a Gargoyle Fighter on Nov 19, 2015.
             Slain by an ogre
             ... wielding a cursed -2 giant club
              (6 damage)
             ... on level 4 of the Dungeon.
             The game lasted 00:05:19 (2821 turns).

septik the Cudgeler (Gargoyle Fighter)              Turns: 2821, Time: 00:05:19

Health: -3/37      AC: 17    Str: 19    XL:     6   Next: 15%
Magic:  6/6        EV:  5    Int:  9    God:
Gold:   223        SH:  5    Dex: 11    Spells: 0 memorised, 5 levels left

rFire  . . .     SeeInvis .     a - +0 flail
rCold  . . .     Clarity  .     o - +0 plate armour
rNeg   + . .     SustAt   .     y - +0 buckler
rPois  ∞         Gourm    +     (no helmet)
rElec  +         Spirit   .     (no cloak)
rCorr  .         Warding  .     (no gloves)
rMut   .         Stasis   .     p - +0 pair of boots
MR     .....                    x - amulet of the gourmand
Stlth  ..........               (no ring)
                                (no ring)

@: not resistant to hostile enchantments, extremely unstealthy
A: negative energy resistance 1, electricity resistance, unbreathing,
petrification resistance, rot immunity, AC +4
a: no special abilities


You were on level 4 of the Dungeon.
You were completely stuffed.

You visited 1 branch of the dungeon, and saw 4 of its levels.

You collected 223 gold pieces.

Inventory:

Hand Weapons
 a - a +0 flail (weapon)
 b - a +0 hunting sling
Missiles
 g - 194 stones (quivered)
Armour
 c - a +0 shield
 f - a +0 scale mail
 h - a troll hide
 n - a cursed -1 leather armour
 o - a +0 plate armour (worn)
 p - a +0 pair of boots (worn)
 y - a +0 buckler (worn)
Jewellery
 x - an amulet of the gourmand (around neck)
Wands
 z - a wand of random effects (33)
Scrolls
 m - a scroll of fog {unknown}
 r - a scroll of recharging {unknown}
 u - a scroll of blinking
 v - a scroll of remove curse
 A - a scroll of immolation {unknown}
Potions
 d - a potion of might
 i - 3 potions of curing
 j - 2 potions of resistance
 l - a potion of heal wounds
 q - a potion of lignification {unknown}
 t - a potion of mutation {unknown}
 w - a potion of degeneration {unknown}
Comestibles
 e - 4 bread rations
 k - 2 slices of pizza
 s - 3 beef jerkies


   Skills:
 - Level 3.2 Fighting
 + Level 5.5 Maces & Flails
 - Level 3.2 Armour
 + Level 4.6 Shields


You had 5 spell levels left.
You didn't know any spells.

Dungeon Overview and Level Annotations

Branches:
Dungeon (4/15)
 Temple: D:4-7

Altars:
The Shining One
Beogh


Innate Abilities, Weirdness & Mutations

You are resistant to torment.
Your stone body is resilient (AC +4).
You are immune to poison.
You resist negative energy.
You are resistant to electric shocks.
You can survive without breathing.
You are immune to petrification.
You are immune to rotting.


Message History

Your plate armour prevents you from hitting the ogre.
The ogre barely misses you.
You thump the ogre!
The ogre is heavily wounded.
The ogre hits you with a giant club!
You sock the ogre!
The ogre is almost dead.
The ogre hits you with a giant club.
* * * LOW HITPOINT WARNING * * *
You barely miss the ogre.
The ogre is almost dead.
The ogre hits you with a giant club.
* * * LOW HITPOINT WARNING * * *
You hit the ogre.
The ogre is almost dead.
The ogre hits you but does no damage.
Your plate armour prevents you from hitting the ogre.
The ogre is almost dead.
The ogre hits you with a giant club.
You die...

#.#.†'.'..#.#.#
#.#..#.#..#.#.# ##
##.#+##.#+##.#.###.
.............#.....
##.#+##.#'##.#####.
#.# #.#..#.# #. +.+
#.#..#.# #.
##.####O####.####.#
#.
.......@(.........#
#.
###################
#. ##


You could see an ogre.

Vanquished Creatures
  An orc priest (D:3)
  An orc wizard (D:3)
  Terence (D:2)
  2 worker ants
  3 adders
  4 gnolls
  A worm (D:2)
  2 giant geckos
  2 orcs (D:3)
  6 hobgoblins
  7 jackals
  5 kobolds
  2 quokkas
  A ball python (D:2)
  2 bats (D:1)
  A giant cockroach (D:2)
  4 giant newts
  9 goblins
  6 rats
60 creatures vanquished.

Notes
Turn   | Place    | Note
--------------------------------------------------------------
     0 | D:1      | septik the Gargoyle Fighter began the quest for the Orb.
     0 | D:1      | Reached XP level 1. HP: 14/14 MP: 1/1
   327 | D:1      | Reached XP level 2. HP: 12/19 MP: 2/2
  1075 | D:2      | Reached XP level 3. HP: 23/23 MP: 3/3
  1658 | D:3      | Noticed Terence
  1680 | D:2      | Killed Terence
  1680 | D:2      | Reached skill level 4 in Maces & Flails
  1680 | D:2      | Reached XP level 4. HP: 19/28 MP: 4/4
  1814 | D:3      | Reached XP level 5. HP: 32/32 MP: 5/5
  2230 | D:3      | Found a roughly hewn altar of Beogh.
  2254 | D:3      | Reached skill level 5 in Maces & Flails
  2567 | D:3      | Reached XP level 6. HP: 31/37 MP: 6/6
  2596 | D:3      | Found a glowing golden altar of the Shining One.
  2821 | D:4      | Slain by an ogre

Action                   |  1- 3 |  4- 6 || total
-------------------------+-------+-------++-------
Melee: Flail             |   144 |   126 ||   270
  Use: Scroll            |       |     7 ||     7
  Eat: Chunk             |     6 |    12 ||    18
